 Dungeon Crawl Stone Soup version 0.23-a0-49-gd9f7a49 (webtiles) character file.

114 Amnesiac the Magician (level 4, -4/30 HPs)
             Began as a Mummy Air Elementalist on Aug 7, 2018.
             Killed from afar by an orc wizard (10 damage)
             ... with a magic dart
             ... on level 4 of the Dungeon.
             The game lasted 00:04:00 (1938 turns).

Amnesiac the Magician (Mummy Air Elementalist)      Turns: 1938, Time: 00:04:01

Health: -4/30      AC:  3    Str: 11    XL:     4   Next: 67%
Magic:  2/10       EV: 12    Int: 15    God:
Gold:   88         SH:  0    Dex: 12    Spells: 8/12 levels left

rFire    x . .     SeeInvis .   a - +0 rapier
rCold    + . .     Gourm    .   (no shield)
rNeg     + + +     Faith    .   e - +0 robe
rPois    ∞         Spirit   .   h - +0 helmet
rElec    .         Reflect  .   (no cloak)
rCorr    .         Harm     +   (no gloves)
MR       .....                  (no boots)
Stlth    ++........             g - amulet of harm
HPRegen  0.10/turn              (no ring)
MPRegen  0.12/turn              (no ring)

@: very slightly contaminated
A: no food or potions, fire vulnerability, cold resistance 1, negative energy
resistance 3, torment resistance, unbreathing
a: no special abilities


You were on level 4 of the Dungeon.
You were not hungry.

You visited 1 branch of the dungeon, and saw 5 of its levels.

You collected 88 gold pieces.

Inventory:

Hand Weapons
 a - a +0 rapier (weapon)
 b - a +0 dagger
Missiles
 c - 73 stones (quivered)
Armour
 e - a +0 robe (worn)
 h - a +0 helmet (worn)
Jewellery
 g - an amulet of harm (around neck)
Wands
 d - a wand of disintegration (14)
Scrolls
 f - a scroll of teleportation {!r}
 i - a scroll of identify {!r}
 j - a scroll of immolation {!r}


   Skills:
 - Level 1.5 Dodging
 - Level 1.5 Stealth
 + Level 4.9 Spellcasting
   Level 0.7 Conjurations
 * Level 3.5 Air Magic


You had 8 spell levels left.
You knew the following spells:

 Your Spells              Type           Power        Failure   Level  Hunger
a - Airstrike             Air            ##........   36%         4    N/A

Your spell library contained the following spells:

 Spells                   Type           Power        Failure   Level  Hunger
 Lightning Bolt           Conj/Air       ##........   88%         5    N/A
 Shock                    Conj/Air       ##..         7%          1    N/A
 Swiftness                Chrm/Air       #.......     12%         2    N/A
 Static Discharge         Conj/Air       ##......     21%         3    N/A

Dungeon Overview and Level Annotations

Branches:
Dungeon (5/15)
 Temple: D:4-7

Altars:

Annotations:
D:3 exclusion: downstairs
D:4 Ijyb


Innate Abilities, Weirdness & Mutations

You do not eat or drink.
Your flesh is vulnerable to fire.
You are immune to poison.
Your flesh is cold resistant. (rC+)
You are immune to negative energy. (rN+++)
You are immune to unholy pain and torment.
You can survive without breathing.


Message History

Found a hand axe.
There is an open door here.
An orc comes into view. It is wielding an enchanted dagger.
Found a whip.
An orc is nearby!
Casting: Airstrike (quite dangerous; 36% risk of failure)
Confirm with . or Enter, or press ? or * to list all spells.
Aiming: Airstrike (quite dangerous; 36% risk of failure)
Press: ? - help, Dir - move target cursor, f - orc
Aim: an orc, wielding an enchanted dagger (resting)
The air twists around and strikes the orc!
The orc shouts!
You kill the orc!
You start resting.
An orc comes into view. It is wielding a war axe.
A jackal comes into view.
There is an open door here.
You start resting.
Magic restored.
You start resting.
An orc wizard comes into view. It is wielding a dagger.
Casting: Airstrike (quite dangerous; 36% risk of failure)
Confirm with . or Enter, or press ? or * to list all spells.
Aiming: Airstrike (quite dangerous; 36% risk of failure)
Press: ? - help, Dir - move target cursor, f - orc wizard
Aim: an orc wizard, wielding a dagger and wearing a robe (hasn't noticed you)
You miscast Airstrike.
You are very lightly contaminated with residual magic.
Sparks of electricity dance between your hands.
Casting: Airstrike (quite dangerous; 36% risk of failure)
Confirm with . or Enter, or press ? or * to list all spells.
Aiming: Airstrike (quite dangerous; 36% risk of failure)
Press: ? - help, Dir - move target cursor, f/p - orc wizard
Aim: an orc wizard, wielding a dagger and wearing a robe The air twists around and strikes the orc wizard!
The orc wizard is heavily wounded.
You closely miss the orc wizard.
The orc wizard is heavily wounded.
The orc wizard hits you with a dagger.
You hit the orc wizard.
The orc wizard is heavily wounded.
The orc wizard casts a spell.
The orc wizard seems to speed up.
The orc wizard casts a cantrip, but nothing happens.
You miss the orc wizard.
The orc wizard is heavily wounded.
The orc wizard hits you with a dagger.
You hit the orc wizard.
The orc wizard is almost dead.
The orc wizard hits you with a dagger. x2
* * * LOW HITPOINT WARNING * * *
You closely miss the orc wizard.
The orc wizard is almost dead.
The orc wizard completely misses you.
The orc wizard points at you and mumbles some strange words.
The magic dart hits you!
* * * LOW HITPOINT WARNING * * *
You closely miss the orc wizard.
The orc wizard is almost dead.
The orc wizard gestures at you while chanting.
The puff of flame misses you.
The orc wizard gestures at you while chanting.
The magic dart hits you!
You die...

# ##. ..#+# #####.#
##...## <.....#
##.....## # .
##a######.......##
.#... .#
#........@####..).##
..
+.........o.........
###.........####....#.
##.......## .#.#
##.....## .. ##...##
.# ##'## .h #.# o
#########.#


You could see an orc wizard.

Vanquished Creatures
  A crimson imp (D:2)
  A worker ant (D:4)
  An adder (D:3)
  An adder skeleton (D:4)
  2 dart slugs
  2 leopard geckos
  An orc (D:4)
  3 ball pythons
  A giant cockroach (D:3)
  3 goblins
  5 hobgoblins
  A jackal (D:3)
  3 quokkas
  6 bats
  2 frilled lizards (D:2)
  2 kobolds
35 creatures vanquished.

Notes
Turn   | Place    | Note
-------+----------+-------------------------------------------
     0 | D:1      | Amnesiac the Mummy Air Elementalist began the quest for the Orb.
     0 | D:1      | Reached XP level 1. HP: 13/13 MP: 4/4
   659 | D:2      | Reached XP level 2. HP: 15/19 MP: 5/5
   908 | D:2      | Reached skill level 3 in Spellcasting
  1065 | D:3      | Reached XP level 3. HP: 21/24 MP: 7/7
  1072 | D:4      | Noticed Ijyb
  1257 | D:2      | Reached skill level 4 in Spellcasting
  1257 | D:2      | Reached XP level 4. HP: 17/30 MP: 8/10
  1279 | D:2      | Learned a level 4 spell: Airstrike
  1713 | D:3      | Found a faded altar of an unknown god.
  1790 | D:5      | Entered Level 5 of the Dungeon
  1938 | D:4      | Killed from afar by an orc wizard

Vault maps used:
D:1:      dpeg_arrival_tiny_c, minmay_misc_feat_alley
D:2:      evilmike_ruin_ashenzari, hangedman_decor_points, grunt_ministairs_5,
          minmay_tetromino_o2
D:3:      chequers_ecumenical_altar_simple, portal_sewer_entry_b,
          kennysheep_generic_room_13
D:4:      chequers_temple_overflow_statue_of_worship, old_standard_altar,
          grunt_dithmenos_smoke, uniq_ijyb, uniq_natasha, uniq_duvessa
D:5:      kennysheep_mini_moat, first_ration

Skill      XL: |  1  2  3 |
---------------+----------+-----
Air Magic      | 3 |  3.5
Spellcasting   | 3 4 |  4.9
Dodging        | |  1.5
Stealth        | |  1.5
Conjurations   | |  0.7

Action                   |  1- 3 |  4- 6 || total
-------------------------+-------+-------++-------
Melee: Dagger            |    24 |       ||    24
       Unarmed           |     7 |       ||     7
       Rapier            |    85 |    16 ||   101
 Cast: Airstrike         |       |    10 ||    10
  Use: Scroll            |     3 |     1 ||     4
 Stab: Sleeping          |     1 |     1 ||     2
Armor: Robe              |    36 |     1 ||    37
Dodge: Dodged            |    86 |     9 ||    95

Table legend:
 A = Spawn XP
 B = Non-spawn XP
 C = Spawn XP percentage of total XP
 D = Spawn monster count
 E = Non-spawn monster count
 F = Spawn count percentage of total count
 G = Total turns spent on level
                    A         B        C        D         E        F      G
               +---------+---------+-------+---------+---------+-------+---------
         Total |       0 |     164 |   0.0 |       0 |      35 |   0.0 |  1938
               +---------+---------+-------+---------+---------+-------+---------
           D:1 |       0 |       9 |   0.0 |       0 |       4 |   0.0 |   419
           D:2 |       0 |      71 |   0.0 |       0 |      12 |   0.0 |   658
           D:3 |       0 |      42 |   0.0 |       0 |      16 |   0.0 |   516
           D:4 |       0 |      42 |   0.0 |       0 |       3 |   0.0 |   341
               +---------+---------+-------+---------+---------+-------+---------
